 Dungeon Crawl Stone Soup version 0.28-a0-1286-g6bde065e89 (webtiles) character file.

Game seed: 1646058007063509420

3080 bearlyready the Magician (level 9, -4/63 (66) HPs)
             Began as a Gnoll Air Elementalist on Dec 26, 2021.
             Was a Follower of Cheibriados.
             Slain by a wight (19 damage)
             ... on level 9 of the Dungeon.
             The game lasted 00:17:24 (9284 turns).

bearlyready the Magician (Gnoll Air Elementalist)   Turns: 9284, Time: 00:17:24

HP:   -4/63 (66)    AC:  8    Str: 15 (16) XL:     9   Next: 89%
MP:   16/19         EV: 15    Int: 15 (17) God:    Cheibriados [*.....]
Gold: 441           SH:  5    Dex: 16 (18) Spells: 13/21 levels left

rFire   . . .      SeeInvis .   F - +7 falchion
rCold   . . .      Faith    .   u - +0 buckler
rNeg    . . .      Spirit   .   L - +0 leather armour
rPois   .          Reflect  .   c - +0 helmet
rElec   .          Harm     .   g - +0 cloak
rCorr   .          Rampage  .   d - +0 pair of gloves
Will    .....                   x - +0 pair of boots
Stlth   +++.......              q - amulet of regeneration
HPRegen 1.00/turn               f - +6 ring of strength
MPRegen 0.16/turn               (no ring)

@: slowed, lightly drained, very slow
A: fangs 1, strong nose, distributed training
a: Renounce Religion, Bend Time


You were on level 9 of the Dungeon.
You worshipped Cheibriados.
Cheibriados was aware of your devotion.
You visited 2 branches of the dungeon, and saw 10 of its levels.

You collected 441 gold pieces.

Inventory:

Hand Weapons
 o - a +0 hand axe of flaming
 A - a +3 dagger of holy wrath
 C - a +3 hand axe of freezing
 E - a +2 scimitar of freezing
 F - a +7 falchion (weapon)
Missiles
 e - 6 javelins
 i - 70 sling bullets
 k - 89 stones
 v - 43 bolts
 D - 6 boomerangs
 J - a curare-tipped dart
 K - 24 poisoned darts
Armour
 a - a +0 robe
 b - a scarf of repulsion
 c - a +0 helmet (worn)
 d - a +0 pair of gloves (worn)
 g - a +0 cloak (worn)
 u - a +0 buckler (worn)
 x - a +0 pair of boots (worn)
 L - a +0 leather armour (worn)
Jewellery
 f - a +6 ring of strength (left hand)
 q - an amulet of regeneration (around neck)
Wands
 w - a wand of polymorph (11)
Scrolls
 n - a scroll of identify
 r - 4 scrolls of fog
 s - a scroll of teleportation {unknown}
 t - a scroll of amnesia
 y - a scroll of silence
 z - 2 scrolls of noise
 H - 4 scrolls of enchant armour
 M - a scroll of holy word {unknown}
Potions
 h - 2 potions of brilliance
 j - 4 potions of lignification {unknown}
 l - 2 potions of curing
 m - a potion of degeneration
 p - a potion of haste {unknown}
 B - a potion of resistance
 G - a potion of heal wounds {unknown}
 I - a potion of mutation {unknown}


   Skills:
 + Level 4.6 Fighting
 + Level 4.6 Short Blades
 + Level 4.6 Long Blades
 + Level 4.6 Axes
 + Level 4.6 Maces & Flails
 + Level 4.6 Polearms
 + Level 4.6 Staves
 + Level 4.6 Slings
 + Level 4.6 Bows
 + Level 4.6 Crossbows
 + Level 4.6 Throwing
 + Level 4.6 Armour
 + Level 6.6 Dodging
 + Level 6.3 Stealth
 + Level 4.6 Shields
 + Level 4.6 Unarmed Combat
 + Level 6.9 Spellcasting
 + Level 4.4 Conjurations
 + Level 3.8 Hexes
 + Level 3.8 Summonings
 + Level 3.8 Necromancy
 + Level 3.8 Translocations
 + Level 3.8 Transmutations
 + Level 3.8 Fire Magic
 + Level 3.8 Ice Magic
 + Level 6.7 Air Magic
 + Level 3.8 Earth Magic
 + Level 3.8 Poison Magic
 + Level 5.1 Invocations
 + Level 4.6 Evocations


You had 13 spell levels left.
You knew the following spells:

 Your Spells              Type           Power      Damage    Failure   Level
a - Shock                 Conj/Air       88%        1d8       1%          1
b - Swiftness             Air            25%        N/A       3%          3
c - Airstrike             Air            12%        N/A       10%         4

Your spell library contained the following spells:

 Spells                   Type           Power      Damage    Failure   Level
 Static Discharge         Conj/Air       22%        N/A       2%          2


Dungeon Overview and Level Annotations

Branches:
Dungeon (9/15)             Temple (1/1) D:7            Lair (0/6) D:8
    Orc: D:9-12

Altars:
Ashenzari
Cheibriados
Dithmenos
Elyvilon
Fedhas
Gozag
Hepliaklqana
Kikubaaqudgha
Makhleb
Nemelex Xobeh
Okawaru
Qazlal
Ru
Sif Muna
Trog
Uskayaw
Vehumet
Wu Jian
Xom
Yredelemnul
Zin
The Shining One

Shops:
D:3 [

Annotations:
D:7 1 runed translucent door, Crazy Yiuf, Pikel


Innate Abilities, Weirdness & Mutations

You have very sharp teeth.
Your uncanny sense of smell can sniff out nearby items.
Your experience applies equally to all skills.


Message History

The zap hits the wight.
The wight is moderately damaged.
The zap hits the wight.
The wight is moderately damaged.
The zap hits the wight.
The wight is moderately damaged.
The wight hits you with a +4 battleaxe!
* * * LOW HITPOINT WARNING * * *
It was a potion of degeneration.
There was something very wrong with that liquid.
You feel weakened.
You feel dopey.
You feel clumsy. The wight misses you. You block the wight's attack.
Okay, then.
Okay, then.
Aiming: Shock (safe; 1% risk of failure)
Press: ? - help, Q - select action, (/) - cycle Shift-Dir - straight line The zap misses the wight.
The zap hits the wight.
The wight is heavily damaged.
The zap hits the wight but does no damage.
The wight is heavily damaged.
The wight closely misses you.
Aiming: Shock (safe; 1% risk of failure)
Press: ? - help, Q - select action, (/) - cycle Shift-Dir - straight line The zap hits the wight.
The wight is heavily damaged.
The zap hits the wight but does no damage.
The wight is heavily damaged.
The zap hits the wight.
The wight is almost destroyed.
The wight closely misses you. The wight hits you with a +4 battleaxe!
* * * LOW HITPOINT WARNING * * *
Aiming: Shock (safe; 1% risk of failure)
Press: ? - help, Q - select action, (/) - cycle Shift-Dir - straight line The zap hits the wight.
The wight is severely damaged.
The zap hits the wight.
You destroy the wight!
Cheibriados thoroughly appreciates the change of pace.
The wight hits you with a +4 battleaxe!!
You die...

#.#..# .###.........
#.#..####.###..K.......
>.........#.#..#.......
...)......#....########
.))<......##..z#
####.####.##..K###
........#.#..#..K#
#.......#....###z#
#...........####@##
....####.......)..#
.... ##.######### ....
...# .... #..## ... ###


You could see a kobold brigand, 2 wights and a kobold.

Vanquished Creatures
  Prince Ribbit (D:7)
  2 water moccasins
  2 orc warriors (D:8)
  A sky beast (D:6)
  2 necrophages
  5 ogres
  2 centaurs (D:9)
  A kobold brigand (D:9)
  A lemure (D:7)
  5 scorpions
  3 bullfrogs
  A water moccasin skeleton (D:5)
  5 wights
  A howler monkey (D:9)
  A centaur zombie (D:8)
  3 orc priests
  3 hounds
  5 jellies
  3 iguanas
  5 orc wizards
  A killer bee zombie (D:6)
  A hound zombie (D:5)
  Robin (D:2)
  A gnoll (D:1)
  6 adders
  A shadow imp (D:7)
  2 white imps (D:5)
  3 ufetubi
  A worm (D:3)
  5 dart slugs
  26 orcs
  5 endoplasms
  18 goblins
  8 hobgoblins
  2 jackals (D:4)
  12 kobolds
  7 quokkas
  10 ball pythons
  4 bats
  5 frilled lizards
  6 rats
177 creatures vanquished.

Vanquished Creatures (collateral kills)
  A ball python (D:3)
1 creature vanquished.

Vanquished Creatures (others)
  4 plants
  4 toadstools (D:1)
8 creatures vanquished.

Grand Total: 186 creatures vanquished

Notes
Turn   | Place    | Note
-------+----------+-------------------------------------------
     0 | D:1      | bearlyready the Gnoll Air Elementalist began the quest for
                  | the Orb.
     0 | D:1      | Reached XP level 1. HP: 13/13 MP: 6/6
    49 | D:1      | Found a faded altar of an unknown god.
   317 | D:1      | Reached XP level 2. HP: 18/19 MP: 3/7
   680 | D:1      | Reached XP level 3. HP: 25/25 MP: 9/9
   697 | D:1      | Reached skill level 5 in Spellcasting
   860 | D:1      | Reached skill level 1 in Invocations
  1338 | D:2      | Noticed Robin
  1353 | D:2      | Reached skill level 1 in Fighting
  1353 | D:2      | Reached skill level 1 in Short Blades
  1353 | D:2      | Reached skill level 1 in Long Blades
  1353 | D:2      | Reached skill level 1 in Axes
  1353 | D:2      | Reached skill level 1 in Maces & Flails
  1353 | D:2      | Reached skill level 1 in Polearms
  1353 | D:2      | Reached skill level 1 in Staves
  1353 | D:2      | Reached skill level 1 in Slings
  1353 | D:2      | Reached skill level 1 in Bows
  1353 | D:2      | Reached skill level 1 in Crossbows
  1353 | D:2      | Reached skill level 1 in Throwing
  1353 | D:2      | Reached skill level 1 in Armour
  1353 | D:2      | Reached skill level 1 in Shields
  1353 | D:2      | Reached skill level 1 in Unarmed Combat
  1353 | D:2      | Reached skill level 1 in Evocations
  1493 | D:2      | Reached XP level 4. HP: 15/32 MP: 7/11
  1498 | D:2      | Killed Robin
  1822 | D:2      | Reached skill level 1 in Hexes
  1822 | D:2      | Reached skill level 1 in Summonings
  1822 | D:2      | Reached skill level 1 in Necromancy
  1822 | D:2      | Reached skill level 1 in Translocations
  1822 | D:2      | Reached skill level 1 in Transmutations
  1822 | D:2      | Reached skill level 1 in Fire Magic
  1822 | D:2      | Reached skill level 1 in Ice Magic
  1822 | D:2      | Reached skill level 1 in Earth Magic
  1822 | D:2      | Reached skill level 1 in Poison Magic
  1919 | D:2      | Learned a level 3 spell: Swiftness
  1924 | D:2      | Learned a level 4 spell: Airstrike
  2609 | D:3      | Found Valiwuoll's Antique Armour Shoppe.
  2741 | D:3      | Reached XP level 5. HP: 20/37 MP: 9/12
  3669 | D:4      | Noticed an ogre
  3701 | D:4      | Killed an ogre
  3702 | D:4      | Reached XP level 6. HP: 44/44 MP: 7/14
  3800 | D:4      | Reached skill level 5 in Dodging
  3846 | D:4      | Found an opulent altar of Gozag.
  4447 | D:5      | Entered Level 5 of the Dungeon
  4470 | D:5      | Reached XP level 7. HP: 20/50 MP: 10/15
  5193 | D:5      | Reached skill level 5 in Stealth
  5494 | D:5      | Reached XP level 8. HP: 57/57 MP: 11/16
  6500 | D:6      | Reached XP level 9. HP: 58/65 MP: 18/18
  7040 | D:7      | Found a runed translucent door.
  7041 | D:7      | Noticed Crazy Yiuf
  7138 | D:7      | Noticed Prince Ribbit
  7163 | D:7      | Killed Prince Ribbit
  7172 | D:7      | Noticed Pikel
  7415 | D:7      | Found a staircase to the Ecumenical Temple.
  7433 | Temple   | Entered the Ecumenical Temple
  8035 | Temple   | Became a worshipper of Cheibriados the Contemplative
  8790 | D:8      | Found a staircase to the Lair.
  8806 | D:8      | Reached skill level 5 in Invocations
  9261 | D:9      | Reached * piety under Cheibriados
  9284 | D:9      | Slain by a wight

Illustrated notes

Levels and vault maps discovered:
D:1:      ldierk_walled_garden_2, layout_basic, basic_ecumenical_altar,
          roderic_roman_lattice
D:2:      layout_loops_ring, chequers_hall_statues_y, uniq_robin
D:3:      layout_rooms, serial_shops, nicolae_shop_stone
D:4:      layout_gridville, nicolae_gozag_seed_capital
D:5:      lemuel_ice_spiral_2, layout_basic
D:6:      layout_rooms, minmay_misc_feat_plants, kennysheep_generic_room_6
D:7:      layout_basic, temple_doors_ab, enter_bailey_3, uniq_pikel,
          uniq_harold, uniq_prince_ribbit1, uniq_crazy_yiuf_cottage
D:8:      layout_loops_ring, grunt_lair_entry_orc_guard_hut
D:9:      minmay_shrinking_squares, layout_rooms, uniq_gastronok
Temple:   mainiacjoe_temple_starburst

Skill      XL: |  1  2  3  4  5  6  7  8  9 |
---------------+----------------------------+-----
Conjurations   | 2 3 4 |  4.4
Spellcasting   | 5 6 |  6.9
Invocations    | 1 2 3 4 5 |  5.1
Fighting       | 1 2 3 4 |  4.6
Short Blades   | 1 2 3 4 |  4.6
Long Blades    | 1 2 3 4 |  4.6
Axes           | 1 2 3 4 |  4.6
Maces & Flails | 1 2 3 4 |  4.6
Polearms       | 1 2 3 4 |  4.6
Staves         | 1 2 3 4 |  4.6
Slings         | 1 2 3 4 |  4.6
Bows           | 1 2 3 4 |  4.6
Crossbows      | 1 2 3 4 |  4.6
Throwing       | 1 2 3 4 |  4.6
Armour         | 1 2 3 4 |  4.6
Shields        | 1 2 3 4 |  4.6
Unarmed Combat | 1 2 3 4 |  4.6
Evocations     | 1 2 3 4 |  4.6
Hexes          | 1 2 3 |  3.8
Summonings     | 1 2 3 |  3.8
Necromancy     | 1 2 3 |  3.8
Translocations | 1 2 3 |  3.8
Transmutations | 1 2 3 |  3.8
Fire Magic     | 1 2 3 |  3.8
Ice Magic      | 1 2 3 |  3.8
Earth Magic    | 1 2 3 |  3.8
Poison Magic   | 1 2 3 |  3.8
Dodging        | 5 6 |  6.6
Stealth        | 5 6 |  6.3
Air Magic      | 6 |  6.7

Action                   |  1- 3 |  4- 6 |  7- 9 || total
-------------------------+-------+-------+-------++-------
Melee: Whip              |    99 |    60 |       ||   159
       Bite              |    12 |     8 |    37 ||    57
       Dagger            |       |    26 |   204 ||   230
       Falchion          |       |       |    66 ||    66
 Cast: Shock             |     7 |    90 |    58 ||   155
       Swiftness         |       |     3 |       ||     3
       Airstrike         |       |     1 |    25 ||    26
  Use: Scroll            |       |     3 |     5 ||     8
       Potion            |       |     2 |     1 ||     3
 Stab: Sleeping          |    14 |     3 |     4 ||    21
       Distracted        |       |       |     1 ||     1
Armor: Robe              |    29 |    21 |    31 ||    81
       Leather armour    |       |       |     7 ||     7
Dodge: Dodged            |    69 |    89 |   186 ||   344
Block: Buckler           |       |    11 |    80 ||    91

Table legend: (Time is in decaauts)
 A = Elapsed time spent in this place.
 B = Non-inter-level travel time spent in this place.
 C = Inter-level travel time spent in this place.
 D = Time resting spent in this place.
 E = Time spent auto-exploring this place.
 F = Levels seen in this place.
 G = Mean time per level.
                   A        B        C        D        E       F      G
               +--------+--------+--------+--------+--------+-----+--------+
         Total |   9482 |   8987 |    495 |    379 |   6877 |  10 |  948.2 |
       Dungeon |   8810 |   8429 |    381 |    379 |   6337 |   9 |  978.9 |
        Temple |    672 |    559 |    113 |      0 |    540 |   1 |  672.0 |
               +--------+--------+--------+--------+--------+-----+--------+

Top non-repeatable levels by time:
     D:2: 1532 daAuts
     D:5: 1450 daAuts
     D:1: 1301 daAuts
     D:8: 1122 daAuts
     D:7: 927 daAuts
     D:4: 920 daAuts
     D:6: 731 daAuts
     D:3: 692 daAuts
  Temple: 672 daAuts
     D:9: 131 daAuts
